 Dungeon Crawl Stone Soup version 0.31-a0-986-g5e6e4ef867 (webtiles) character file.

Game seed: 10249532011885494988

375 pokeman the Magician (level 6, -5/34 HPs)
             Began as a Deep Elf Hedge Wizard on Nov 9, 2023.
             Slain by an ogre
             ... wielding a +0 giant spiked club
              (19 damage)
             ... on level 4 of the Dungeon.
             The game lasted 00:08:16 (3832 turns).

pokeman the Magician (Deep Elf Hedge Wizard)        Turns: 3832, Time: 00:08:17

Health: -5/34      AC:  4    Str:  5    XL:     6   Next: 44%
Magic:  1/18       EV: 14    Int: 23    God:
Gold:   132        SH:  0    Dex: 26    Spells: 3/19 levels left

rFire   . . .        e - +0 short sword (venom)
rCold   . . .        p - orb of the Crushed Servitors {light, rPois rN+++ Str-2 Stlth+}
rNeg    + + +        b - +0 robe
rPois   +            s - +0 helmet
rElec   .            n - +0 cloak
rCorr   .            (no gloves)
SInv    .            (no boots)
Will    .....        (no amulet)
Stlth   ++           l - +6 ring of dexterity
HPRegen 0.25/turn    c - ring "Gemipn" {Int+2 Dex+6}
MPRegen 0.16/turn

%: no passive effects
@: glowing
A: no striking features
a: no special abilities


You were on level 4 of the Dungeon.
You visited 1 branch of the dungeon, and saw 4 of its levels.

You collected 132 gold pieces.

Inventory:

Hand Weapons
 e - a +0 short sword of venom (weapon)
 m - a +3 quarterstaff of chaos
 r - the +2 dagger "Caclourgh" {freeze, rPois Int+3}
   (You found it on level 3 of the Dungeon)

   Int+3:     It affects your intelligence (+3).
   rPois:     It protects you from poison
Missiles
 j - a throwing net
Armour
 b - a +0 robe (worn)
 n - a +0 cloak (worn)
 p - the orb of the Crushed Servitors (worn) {light, rPois rN+++ Str-2 Stlth+}
   (You found it on level 3 of the Dungeon)

   Str-2:     It affects your strength (-2).
   rPois:     It protects you from poison rN+++: It renders you almost immune to
   negative energy.
   Stlth+:    It makes you more stealthy.
 s - a +0 helmet (worn)
Jewellery
 c - the ring "Gemipn" (right hand) {Int+2 Dex+6}
   (You found it on level 3 of the Dungeon)

   [ring of dexterity]

   Int+2:     It affects your intelligence (+2).
   Dex+6:     It affects your dexterity (+6).
 l - a +6 ring of dexterity (left hand)
Scrolls
 a - a scroll of noise {unknown}
 i - a scroll of teleportation {unknown}
 o - a scroll of revelation {unknown}
 q - a scroll of identify {unknown}
 u - a scroll of poison {unknown}
Potions
 d - 3 potions of magic
 f - 2 potions of curing {unknown}
 g - a potion of lignification {unknown}
 h - a potion of might {unknown}
 k - a potion of degeneration {unknown}
 t - a potion of invisibility {unknown}


   Skills:
 - Level 1.4 Fighting
 - Level 1.4 Armour
 - Level 3.1 Dodging
 - Level 3.2 Stealth
 * Level 7.0 Spellcasting
 + Level 3.2 Conjurations
 - Level 1.1 Summonings
 - Level 1.1 Translocations
 + Level 0.7 Transmutations
 + Level 0.8 Fire Magic
 + Level 0.4 Air Magic
 + Level 0.6 Poison Magic


You had 3 spell levels left.
You knew the following spells:

 Your Spells              Type           Power      Damage    Failure   Level
a - Magic Dart            Conj           88%        1d7       1%          1
b - Mephitic Cloud        Conj/Pois/Air  14%        N/A       13%         3
c - Call Imp              Summ           26%        N/A       8%          2
d - Blink                 Tloc           26%        N/A       8%          2
e - Ignite Poison         Fire/Tmut/Pois 11%        N/A       17%         3
f - Freezing Cloud        Conj/Ice/Air   6%         6-21      78%         5

Your spell library contained the following spells:

 Spells                   Type           Power      Damage    Failure   Level
 Sting                    Tmut/Pois      44%        1d5       6%          1
 Slow                     Hex            32%        N/A       8%          1
 Lesser Beckoning         Tloc           26%        N/A       8%          2
 Cigotuvi's Dreadful Rot  Necr/Pois/Air  18%        N/A       10%         2
 Passwall                 Tmut/Erth      7%         N/A       10%         2
 Poisonous Vapours        Pois/Air       20%        N/A       10%         2
 Ensorcelled Hibernation  Hex/Ice        16%        N/A       12%         2
 Gell's Gravitas          Tloc           13%        N/A       14%         3
 Teleport Other           Tloc           13%        N/A       14%         3
 Swiftness                Air            10%        N/A       19%         3
 Olgreb's Toxic Radiance  Pois           11%        N/A       50%         4


Dungeon Overview and Level Annotations

Branches:
Dungeon (4/15)
 Temple: D:4-7

Altars:
Hepliaklqana
Xom
Zin


Message History

Nothing appears to happen.
You hit the ogre but do no damage.
The ogre is poisoned.
The ogre is lightly wounded.
The ogre hits you with a +0 giant spiked club!
Ouch! That really hurt!
A ball python comes into view.
Found a stone staircase leading down.
Your magical contamination has completely faded away.
The ball python hisses angrily.
The ball python bites you. The ball python closely misses you.
The ball python closely misses you. x2
Casting: Mephitic Cloud (quite dangerous; 13% risk of failure)
Confirm with . or Enter, or press ? or * to list all spells.
Aiming: Mephitic Cloud (quite dangerous; 13% risk of failure)
Press: ? - help, Shift-Dir - straight line, f/p - ogre
Aim: an ogre, wielding a +0 giant spiked club (heavily wounded, poisoned, haloed, chance to affect: 77%)
The ball explodes into a vile cloud!
The stinking cloud engulfs the ball python but does no damage.
The stinking cloud engulfs you but does no damage.
The stinking cloud engulfs the ogre but does no damage.
The ogre is heavily wounded.
You hear an angry hiss.
The ball python is engulfed in noxious fumes.
The ball python appears confused.
The ogre is engulfed in noxious fumes.
The ogre appears confused.
Unknown command.
Unknown command.
Unknown command.
You hit the ball python.
You kill the ball python!
The ogre is engulfed in noxious fumes.
The ogre appears confused.
Unknown command.
The ogre barely misses you.
You hit the ogre but do no damage.
The ogre looks even sicker.
The ogre is heavily wounded.
You hit the ogre.
The ogre is severely wounded.
The ogre hits you with a +0 giant spiked club!!
Ouch! That really hurt!
You die...

########## .........#
........>+ .........#
#.....# .........#
#.....# ......O@.#
#.....#
.......○.########.....#
####..................#
#..................#
#..................#
#..................##
#.............#####..
#.....#########...#..
#.....#...........'..


You could see an ogre (confused, very poisoned).

Vanquished Creatures
  Blork the orc (D:4)
  2 orc priests (D:4)
  An iguana (D:3)
  Crazy Yiuf (D:2)
  2 orc wizards
  3 gnolls (D:4)
  A worm (D:2)
  21 orcs
  5 endoplasms
  A giant cockroach (D:1)
  7 goblins
  5 hobgoblins
  6 jackals (D:3)
  3 quokkas
  9 ball pythons
  11 bats
  6 frilled lizards
  8 kobolds
93 creatures vanquished.

Vanquished Creatures (others)
  An angel (D:3)
1 creature vanquished.

Grand Total: 94 creatures vanquished

Notes
Turn   | Place    | Note
-------+----------+-------------------------------------------
     0 | D:1      | pokeman the Deep Elf Hedge Wizard began the quest for the
                  | Orb.
     0 | D:1      | Reached XP level 1. HP: 10/10 MP: 7/7
   179 | D:1      | Reached XP level 2. HP: 15/15 MP: 6/9
   882 | D:1      | Reached skill level 5 in Spellcasting
  1167 | D:2      | Reached XP level 3. HP: 20/20 MP: 9/11
  1171 | D:2      | Learned a level 3 spell: Mephitic Cloud
  1174 | D:2      | Learned a level 2 spell: Call Imp
  1177 | D:2      | Learned a level 2 spell: Blink
  1181 | D:2      | Learned a level 3 spell: Ignite Poison
  1788 | D:2      | Found a runed translucent door.
  1789 | D:2      | Noticed Crazy Yiuf
  1801 | D:2      | Killed Crazy Yiuf
  1802 | D:2      | Reached skill level 1 in Fighting
  1802 | D:2      | Reached skill level 1 in Armour
  1802 | D:2      | Reached XP level 4. HP: 4/25 MP: 0/13
  1918 | D:3      | Found a hazy altar of Hepliaklqana.
  2041 | D:3      | Identified the orb of the Crushed Servitors {light, rPois
                  | rN+++ Str-2 Stlth+}
  2703 | D:3      | Identified the +2 dagger "Caclourgh" {freeze, rPois Int+3}
  2726 | D:3      | Reached skill level 6 in Spellcasting
  2736 | D:3      | Reached XP level 5. HP: 19/29 MP: 6/15
  2744 | D:3      | Killed an angel
  2801 | D:3      | Found a shimmering altar of Xom.
  2801 | D:3      | Found a glowing silver altar of Zin.
  3121 | D:3      | Identified the ring "Gemipn" {Int+2 Dex+6}
  3596 | D:4      | Noticed Blork the orc
  3606 | D:4      | Killed Blork the orc
  3607 | D:4      | Reached XP level 6. HP: 27/34 MP: 11/17
  3614 | D:4      | Learned a level 5 spell: Freezing Cloud
  3814 | D:4      | Reached skill level 7 in Spellcasting
  3832 | D:4      | Slain by an ogre

Illustrated notes

Levels and vault maps discovered:
D:1:      pf_arrival_petrified_forest, layout_loops_ring, hex_tiny
D:2:      layout_rooms, minivault_26, uniq_crazy_yiuf_cottage
D:3:      layout_basic, grunt_temple_overflow_order_and_chaos_1,
          nicolae_hepliaklqana_hazy_memory, nrook_mini_vaults
D:4:      layout_gridville, uniq_blork_the_orc

Skill      XL: |  1  2  3  4  5  6 |
---------------+-------------------+-----
Spellcasting   | 5 6 7 |  7.0
Fighting       | 1 |  1.4
Armour         | 1 |  1.4
Conjurations   | 2 3 |  3.2
Dodging        | 3 |  3.1
Stealth        | 3 |  3.2
Summonings     | |  1.1
Translocations | |  1.1
Transmutations | |  0.7
Fire Magic     | |  0.8
Air Magic      | |  0.4
Poison Magic   | |  0.6

Action                     |  1- 3 |  4- 6 || total
---------------------------+-------+-------++-------
  Melee: Short sword       |    12 |    64 ||    76
         Dagger            |     3 |       ||     3
   Cast: Magic Dart        |    94 |   101 ||   195
         Mephitic Cloud    |     1 |     4 ||     5
         Call Imp          |     1 |       ||     1
   Stab: Confused          |       |     3 ||     3
 Armour: Robe              |    15 |    28 ||    43
  Dodge: Dodged            |    16 |    57 ||    73

Table legend: (Time is in decaauts)
 A = Elapsed time spent in this place.
 B = Non-inter-level travel time spent in this place.
 C = Inter-level travel time spent in this place.
 D = Time resting spent in this place.
 E = Time spent auto-exploring this place.
 F = Levels seen in this place.
 G = Mean time per level.
                   A        B        C        D        E       F      G
               +--------+--------+--------+--------+--------+-----+--------+
         Total |   3829 |   3769 |     60 |     24 |   3202 |   4 |  957.2 |
       Dungeon |   3829 |   3769 |     60 |     24 |   3202 |   4 |  957.2 |
               +--------+--------+--------+--------+--------+-----+--------+

Top non-repeatable levels by time:
     D:3: 1447 daAuts
     D:1: 1056 daAuts
     D:2: 860 daAuts
     D:4: 465 daAuts
